 Dungeon Crawl Stone Soup version 0.29.1-2-gbd0b4ee654 (webtiles) character file.

Game seed: 15928794480099880111

214 Icepheonix32 the Reanimator (level 5, 0/28 HPs)
             Began as a Deep Elf Necromancer on Oct 31, 2022.
             Slain by a water moccasin (1 damage)
             ... on level 4 of the Dungeon.
             The game lasted 00:04:16 (2950 turns).

Icepheonix32 the Reanimator (Deep Elf Necromancer)  Turns: 2950, Time: 00:04:17

Health: 0/28       AC:  7    Str: 13    XL:     5   Next: 59%
Magic:  7/11       EV: 12    Int: 25    God:
Gold:   173        SH:  0    Dex: 15    Spells: 2/10 levels left

rFire   + . .      SeeInvis .   j - +1 short sword (protect)
rCold   + . .      Faith    .   (no shield)
rNeg    . . .      Spirit   .   a - +0 robe
rPois   +          Reflect  .   q - +2 helmet of the Enchanted Forest {Drain rCorr Int+5}
rElec   +          Harm     .   v - +1 cloak
rCorr   +          Rampage  .   (no gloves)
Will    .....                   (no boots)
Stlth   ++........              (no amulet)
HPRegen 0.09/turn               p - +6 ring of strength
MPRegen 0.12/turn               (no ring)

@: lethally poisoned (0 -> -10), resistant
A: no striking features
a: no special abilities


You were on level 4 of the Dungeon.
You visited 1 branch of the dungeon, and saw 4 of its levels.

You collected 173 gold pieces.

Inventory:

Hand Weapons
 c - a +0 dagger
 d - a +4 whip
 j - a +1 short sword of protection (weapon)
Armour
 a - a +0 robe (worn)
 q - the +2 helmet of the Enchanted Forest (worn) {Drain rCorr Int+5}
   (You found it on level 3 of the Dungeon)

   Int:       It affects your intelligence (+5).
   rCorr:     It protects you from acid and corrosion.
   Drain:     It drains your maximum health when unequipped.
 v - a +1 cloak (worn)
Jewellery
 m - a ring of ice
 p - a +6 ring of strength (left hand)
Wands
 l - a wand of charming (9)
 r - a wand of flame (30)
Scrolls
 e - 3 scrolls of identify {unknown}
 f - a scroll of poison {unknown}
 h - 3 scrolls of teleportation {unknown}
 n - a scroll of fear {unknown}
 s - a scroll of amnesia {unknown}
 t - a scroll of magic mapping {unknown}
 x - a scroll of noise {unknown}
Potions
 b - a potion of magic
 g - a potion of resistance
 i - a potion of berserk rage {unknown}
 k - a potion of mutation {unknown}
 o - a potion of brilliance {unknown}
 u - a potion of curing {unknown}
 w - a potion of ambrosia {unknown}


   Skills:
 - Level 2.4 Dodging
 - Level 2.4 Stealth
 - Level 3.0 Spellcasting
 + Level 8.3 Necromancy


You had 2 spell levels left.
You knew the following spells:

 Your Spells              Type           Power      Damage    Failure   Level
a - Necrotise             Necr           100%       1d9       1%          1
b - Vampiric Draining     Necr           45%        2d9       1%          3
c - Dispel Undead         Necr           45%        3d17      3%          4

Your spell library contained the following spells:

 Spells                   Type           Power      Damage    Failure   Level
 Animate Dead             Necr           45%        N/A       3%          4
 Agony                    Necr           45%        N/A       9%          5
 Gell's Gravitas          Tloc           3%         N/A       30%         3
 Teleport Other           Tloc           3%         N/A       30%         3
 Corpse Rot               Necr/Pois/Air  17%        N/A       32%         4
 Death Channel            Necr           22%        N/A       45%         6
 Dispersal                Tloc           1%         N/A       100%        6


Dungeon Overview and Level Annotations

Branches:
Dungeon (4/15)
 Temple: D:4-7

Altars:

Shops:
D:4 *

Annotations:
D:3 2 transporters, CBASSkasper's ghost, amateur GnAM


Message History

There is a stone staircase leading down here.
Found a stone staircase leading up.
There is a stone staircase leading up here.
As you open the door, it creaks loudly!
An adder and 2 water moccasins come into view.
The water moccasin hisses angrily. x2
Found 10 gold pieces and a scroll labelled WEJEHO OKAHE.
Found Duimmuif's Serpentskin Sales.
The water moccasin barely resists.
The water moccasin bites you.
You are poisoned.
The water moccasin poisons you!
The water moccasin writhes in agony.
You feel very sick. The water moccasin closely misses you.
The water moccasin barely misses you.
The water moccasin writhes in agony.
You feel very sick. The water moccasin barely misses you.
The water moccasin closely misses you. The water moccasin barely misses you.
The water moccasin bites you but does no damage.
The water moccasin writhes in agony!
You feel sick. The water moccasin barely misses you.
The water moccasin bites you but does no damage.
The water moccasin attacks as you move away!
The water moccasin closely misses you.
You feel sick.
The water moccasin attacks as you move away!
The water moccasin barely misses you.
You feel sick.
The water moccasin bites you but does no damage. x2
The water moccasin bites you.
* * * LOW HITPOINT WARNING * * *
You are lethally poisoned!
The water moccasin poisons you!
* * * LOW HITPOINT WARNING * * *
You feel very sick.
Unknown command.
It was a potion of resistance.
You feel protected.
* * * LOW HITPOINT WARNING * * *
You feel very sick. The water moccasin closely misses you.
The water moccasin bites you.
You die...

#.##########
#.#
#..........#
#.#
##########.#
#.# #.# #.#
##.# #.#
#<.# #.#
#.#####.#
#.##....#
#@##.####
#S##.#
#SS..#
##...# #'###
... #?∩$#
#...# ##+##


You could see 2 water moccasins and an adder.

Vanquished Creatures
  A scorpion (D:3)
  2 orc priests (D:3)
  2 adders (D:3)
  A worm (D:2)
  A dart slug (D:3)
  3 orcs
  6 bats
  6 endoplasms
  4 giant cockroaches
  A goblin (D:3)
  6 hobgoblins
  8 kobolds
  3 quokkas
  7 ball pythons
  2 frilled lizards (D:1)
  6 rats
59 creatures vanquished.

Vanquished Creatures (collateral kills)
  An adder (D:3)
  A frilled lizard (D:2)
  A rat (D:1)
3 creatures vanquished.

Vanquished Creatures (others)
  21 plants (D:2)
21 creatures vanquished.

Grand Total: 83 creatures vanquished

Notes
Turn   | Place    | Note
-------+----------+-------------------------------------------
     0 | D:1      | Icepheonix32 the Deep Elf Necromancer began the quest for
                  | the Orb.
     0 | D:1      | Reached XP level 1. HP: 10/10 MP: 6/6
    11 | D:1      | Reached skill level 5 in Necromancy
   179 | D:1      | Reached XP level 2. HP: 15/15 MP: 2/8
   805 | D:2      | Reached skill level 6 in Necromancy
   854 | D:2      | Reached XP level 3. HP: 19/19 MP: 6/9
  1774 | D:3      | Identified the +2 helmet of the Enchanted Forest {Drain
                  | rCorr Int+5}
  1918 | D:3      | Learned a level 3 spell: Vampiric Draining
  2127 | D:3      | Reached XP level 4. HP: 24/24 MP: 10/10
  2396 | D:3      | Found a transporter.
  2399 | D:3      | Noticed CBASSkasper's ghost (amateur GnAM)
  2400 | D:3      | Found a transporter.
  2412 | D:3      | Reached skill level 7 in Necromancy
  2467 | D:3      | Noticed a scorpion
  2475 | D:3      | Killed a scorpion
  2476 | D:3      | Reached XP level 5. HP: 28/28 MP: 3/11
  2480 | D:3      | Reached skill level 8 in Necromancy
  2747 | D:3      | Learned a level 4 spell: Dispel Undead
  2942 | D:4      | Found Duimmuif's Serpentskin Sales.
  2942 | D:4      | Noticed a water moccasin
  2942 | D:4      | Noticed a water moccasin
  2950 | D:4      | HP: 1/28 [poisoned by a water moccasin]
  2950 | D:4      | Slain by a water moccasin

Illustrated notes

Levels and vault maps discovered:
D:1:      minmay_arrival_diagonal_passages, layout_rooms,
          dreamdust_princess_corridor
D:2:      layout_basic, serial_bayou, serial_bayou_lagoon_a,
          serial_bayou_shore_b, serial_bayou_pond_d, serial_bayou_ford_a
D:3:      layout_loops_ring, gammafunk_ghost_mausoleum
D:4:      layout_loops_ring, guppyfry_shop_venom

Skill      XL: |  1  2  3  4  5 |
---------------+----------------+-----
Necromancy     | 5 6 7 8 |  8.3
Dodging        | |  2.4
Stealth        | |  2.4
Spellcasting   | |  3.0

Action                   |  1- 3 |  4- 6 || total
-------------------------+-------+-------++-------
Melee: Whip              |     3 |       ||     3
       Unarmed           |     1 |       ||     1
       Short sword       |    30 |     5 ||    35
 Cast: Necrotise         |    64 |    37 ||   101
  Use: Potion            |       |     1 ||     1
Armor: Robe              |    18 |     8 ||    26
Dodge: Dodged            |    36 |    28 ||    64
